 Dungeon Crawl Stone Soup version 0.29-a0-464-g50448035db (webtiles) character file.

Game seed: 200786157976709457

38022 Bruhh the Purifying Djinni (level 14, -11/128 HPs)
             Began as a Djinni Earth Elementalist on May 21, 2022.
             Was a High Priest of Elyvilon.
             Mangled by a rockslime (38 damage)
             ... on level 2 of the Pits of Slime.
             The game lasted 00:39:21 (19918 turns).

Bruhh the Purifying Djinni (DjEE)                  Turns: 19918, Time: 00:39:22

Health: -11/128    AC: 14    Str:  7    XL:     14   Next: 32%
Gold:   856        EV: 17    Int: 25    God:    Elyvilon [*****.] SH:  0 Dex: 15

rFire   + + .      SeeInvis .   s - +7 dagger "Eviscerator" {antimagic, rC+ rN+ Int+4}
rCold   + . .      Faith    .   (no shield)
rNeg    + . .      Spirit   .   V - +1 ring mail {rC+}
rPois   ∞          Reflect  .   y - +2 helmet
rElec   .          Harm     .   u - +1 cloak
rCorr   .          Rampage  .   (no gloves)
Will    +....                   (boots unavailable)
Stlth   +.........              Q - amulet of regeneration
HPRegen 1.11/turn               z - +4 ring of evasion
MPRegen 0.00/turn               p - ring of wizardry

@: divinely vigorous, flying
A: sickness immunity, fire resistance 2, cold vulnerability 1, float, innate
caster, HP casting, extra vitality 1
a: Renounce Religion, Purification, Heal Other, Heal Self, Divine Vigour


You were on level 2 of the Pits of Slime.
You worshipped Elyvilon.
Elyvilon was extremely pleased with you.
You visited 4 branches of the dungeon, and saw 17 of its levels.
You also visited: Bailey.

You collected 856 gold pieces.

Inventory:

Hand Weapons
 s - the +7 dagger "Eviscerator" (weapon) {antimagic, rC+ rN+ Int+4}
   (You found it on level 3 of the Dungeon)

   It reduces the magical energy of the wielder, and disrupts the spells and
   magical abilities of those it strikes.
   Natural abilities and divine invocations are not affected.
   Int:       It affects your intelligence (+4).
   rC:        It protects you from cold.
   rN:        It protects you from negative energy.
 v - a +3 quarterstaff of chaos
 T - a +4 scimitar of flaming
Missiles
 a - 419 stones
 P - 2 throwing nets
Armour
 u - a +1 cloak (worn)
 y - a +2 helmet (worn)
 E - the +4 ring mail of Impressiveness {Str+4}
   (You found it on level 6 of the Dungeon)

   Str:       It affects your strength (+4).
 F - the +1 leather armour of Rubawk {Int+4}
   (You found it on level 6 of the Dungeon)

   Int:       It affects your intelligence (+4).
 V - a +1 ring mail of cold resistance (worn)
Jewellery
 d - an amulet of the acrobat
 l - a ring of protection from fire
 n - a ring of ice
 p - a ring of wizardry (right hand)
 z - a +4 ring of evasion (left hand)
 C - an amulet of reflection
 D - a ring of see invisible
 Q - an amulet of regeneration (around neck)
 S - a ring of resist corrosion
Wands
 b - a wand of polymorph (4)
 w - a wand of flame (59)
 J - a wand of acid (5)
 M - a wand of paralysis (3)
 U - a wand of iceblast (10)
Scrolls
 c - 4 scrolls of enchant armour {unknown}
 e - a scroll of poison
 g - 3 scrolls of enchant weapon
 h - 3 scrolls of blinking {unknown}
 i - 12 scrolls of teleportation
 o - 2 scrolls of brand weapon
 t - a scroll of vulnerability
 x - 4 scrolls of noise
 I - a scroll of immolation {unknown}
 K - a scroll of fog {unknown}
 L - a scroll of summoning
 N - a scroll of silence {unknown}
 R - a scroll of magic mapping
Potions
 f - a potion of flight {unknown}
 j - 5 potions of degeneration
 k - 4 potions of heal wounds
 m - 4 potions of might {unknown}
 q - 7 potions of curing
 r - 2 potions of magic
 A - 2 potions of lignification {unknown}
 G - 4 potions of attraction
 H - 5 potions of resistance {unknown}
 O - 4 potions of mutation {unknown}
 W - a potion of haste
 X - a potion of berserk rage {unknown}
Miscellaneous
 B - a lightning rod (4/4)


   Skills:
 - Level 10.0 Fighting
 - Level 11.0 Armour
 + Level 7.8 Dodging
 - Level 1.5 Stealth
 + Level 8.8 Spellcasting
 - Level 11.5 Invocations
 - Level 8.0 Evocations


You had 2 spell levels left.
You knew the following spells:

 Your Spells              Type           Power      Damage    Failure   Level
a - Sandblast             Erth           100%       2d20      1%          1
b - Passwall              Tmut/Erth      44%        N/A       1%          2
c - Stone Arrow           Conj/Erth      100%       3d13      1%          3
d - Petrify               Tmut/Erth      53%        N/A       1%          4
e - Sting                 Tmut/Pois      100%       1d8       1%          1
f - Blink                 Tloc           100%       N/A       1%          2
g - Dazzling Flash        Conj/Hex       100%       N/A       1%          3
h - Confusing Touch       Hex            53%        N/A       1%          3
i - Hailstorm             Conj/Ice       53%        3d12      1%          4
j - Silence               Hex/Air        26%        N/A       4%          5
Your spell library was empty.

Dungeon Overview and Level Annotations

Branches:
Dungeon (10/15)            Temple (1/1) D:5            Lair (5/6) D:10
  Snake (0/4) Lair:3        Slime (1/5) Lair:5          Orc (0/2) D:9
 Bailey (visited)
  Swamp: Lair:2-4    Shoals: Lair:2-4

Altars:
Ashenzari
Cheibriados
Dithmenos
Elyvilon
Fedhas
Gozag
Hepliaklqana
Kikubaaqudgha
Makhleb
Nemelex Xobeh
Okawaru
Qazlal
Ru
Sif Muna
Trog
Uskayaw
Vehumet
Wu Jian
Xom
Yredelemnul
Zin
The Shining One

Shops:
D:2 (   D:3 (   D:6 [

Annotations:
D:4 2 transporters, Opifex's ghost, amateur TrFi
D:10 1 runed translucent door, Miritol's ghost, journeyman TeHu


Innate Abilities, Weirdness & Mutations

You are immune to sickness and miasma.
You are immune to poison.
Your flesh is very heat resistant. (rF++)
You are vulnerable to cold. (rC-)
You float through the air rather than walking.
You learn spells naturally, not from books.
Your magical power is your life essence.
You have superior vitality. (+4 MHP)


Message History

You hit the rockslime but do no damage. The rockslime barely misses you.
The slime creature misses you.
You are splashed with acid!
The rockslime closely misses you.
A slime creature comes into view.
You are splashed with acid.
The slime creature attacks as you move away!
The slime creature barely misses you. The rockslime attacks as you move away!
The rockslime hits you! 3 slime creatures come into view.
The slime creature quivers. x2
There is an escape hatch in the floor here.
The rockslime hits you.
You are shoved backwards!
Two slime creatures merge to form a large slime creature.
There is a stone staircase leading up here.
The rockslime attacks as you move away! The rockslime hits you!!!
* * * LOW HITPOINT WARNING * * *
You are splashed with acid!
* * * LOW HITPOINT WARNING * * *
The slime creature quivers.
Okay, then.
Elyvilon grants you divine vigour.
You are splashed with acid!
Elyvilon protects you from harm! The rockslime closely misses you.
You are healed.
You are splashed with acid.
* * * LOW HITPOINT WARNING * * *
The rockslime misses you. The slime creature closely misses you.
You are healed.
You are splashed with acid!
The rockslime hits you!!
You are shoved backwards!
Two slime creatures merge to form a very large slime creature.
Really renounce your faith, foregoing its fabulous benefits?
Okay, then.
Okay, then.
You are healed.
You are splashed with acid!
The rockslime misses you. The rockslime hits you!!!
* * * LOW HITPOINT WARNING * * *
You are shoved backwards!
The slime creature misses you.
The slime creature attacks as you move away!
The slime creature barely misses you. The rockslime attacks as you move away!
The rockslime hits you!!!
You die...

**** *** ***** **,,** **,**
*,,,****,.,,*##* *##**#,,,*
,,,,,**,*..###.###.##.##,**
,,,,**,,,..............#,**
*,,,,*,,,...........#.#,,,****
*,,,*,,,.............#*#,,**,**
,,,,,,,...#.#.#.@##.##..,,,,,,*
,............#JJJ#.#....,,**,**
,..............J........******
.,..#........#..J......#*
..,....................#*
...##...........>.......*
..#...........#......#.#*
.....................#*#**
......................#,,**


You could see a very large slime creature, 2 slime creatures and 2 rockslimes.

Vanquished Creatures
  A hydra (Lair:2)
  2 boulder beetles
  Erica (Lair:1)
  A death knight (D:8)
  5 two-headed ogres
  3 death yaks (Lair:2)
  Amaemon (D:9)
  A fire crab (Lair:2)
  An ugly thing (D:8)
  A cyclops (D:9)
  2 manticores (Lair:2)
  4 black mambas
  Maurice (D:9)
  8 cane toads
  An orange demon (D:9)
  A rime drake (Lair:2)
  Psyche (D:9)
  7 komodo dragons
  5 burning bushes (Lair:5)
  7 slime creatures
  A polar bear (Lair:2)
  13 blink frogs
  10 dream sheep (Lair:5)
  4 spriggans (Bailey)
  39 yaks
  A basilisk (Lair:2)
  A wyvern (D:9)
  4 steam dragons
  5 nagas (Lair:3)
  15 water moccasins
  4 orc warriors
  A sky beast (D:7)
  5 black bears
  9 ogres
  A centaur (D:10)
  5 wolves
  A kobold brigand (D:8)
  12 bullfrogs
  2 scorpions
  A gnoll sergeant (D:7)
  11 killer bees
  11 howler monkeys
  10 electric eels
  Crazy Yiuf (D:3)
  6 hounds
  A gnoll shaman (D:6)
  10 orc priests
  4 jellies
  3 iguanas
  Terence (D:3)
  7 orc wizards
  2 hell rats (Lair:2)
  Robin (D:3)
  10 gnolls
  8 adders
  4 white imps
  A worm (D:5)
  A dart slug (D:1)
  36 orcs
  5 bats
  3 endoplasms
  2 giant cockroaches
  17 goblins
  6 hobgoblins
  3 jackals (D:1)
  14 kobolds
  3 quokkas
  6 ball pythons
  2 frilled lizards (D:1)
  2 rats
379 creatures vanquished.

Vanquished Creatures (others)
  14 fungi
  19 plants
  2 withered plants (D:10)
35 creatures vanquished.

Grand Total: 414 creatures vanquished

Notes
Turn   | Place    | Note
-------+----------+-------------------------------------------
     0 | D:1      | Bruhh the Djinni Earth Elementalist began the quest for the
                  | Orb.
     0 | D:1      | Reached XP level 1. HP: 15/15 MP: 0/0
   126 | D:1      | Reached XP level 2. HP: 15/21 MP: 0/0
   875 | D:1      | Reached XP level 3. HP: 24/25 MP: 0/0
   875 | D:1      | Learned a level 1 spell: Sting
  1703 | D:2      | Found Norid's Weapon Boutique.
  1822 | D:2      | Reached XP level 4. HP: 28/31 MP: 0/0
  2369 | D:3      | Noticed Robin
  2765 | D:3      | Killed Robin
  2979 | D:3      | Reached XP level 5. HP: 29/35 MP: 0/0
  2979 | D:3      | Learned a level 2 spell: Blink
  3145 | D:3      | Found Siegiem's Weapon Shop.
  3502 | D:3      | Found a faded altar of an unknown god.
  3562 | D:3      | Identified the +7 dagger "Eviscerator" {antimagic, rC+ rN+
                  | Int+4}
  3699 | D:3      | Noticed Terence
  3705 | D:3      | Killed Terence
  3706 | D:3      | Reached XP level 6. HP: 22/40 MP: 0/0
  4065 | D:3      | Found a runed translucent door.
  4066 | D:3      | Noticed Crazy Yiuf
  4071 | D:3      | Killed Crazy Yiuf
  4072 | D:3      | Reached skill level 5 in Spellcasting
  4203 | D:4      | Found a bloodstained altar of Trog.
  4492 | D:4      | Found a transporter.
  4494 | D:4      | Noticed Opifex's ghost (amateur TrFi)
  4795 | D:4      | Found a transporter.
  4855 | D:4      | Reached XP level 7. HP: 36/45 MP: 0/0
  4855 | D:4      | Learned a level 3 spell: Dazzling Flash
  5690 | D:5      | Entered Level 5 of the Dungeon
  5696 | D:5      | Found a staircase to the Ecumenical Temple.
  5745 | Temple   | Entered the Ecumenical Temple
  5949 | Temple   | Became a worshipper of Elyvilon the Healer
  6432 | D:5      | Found a shimmering altar of Xom.
  6482 | D:5      | Noticed a water moccasin
  6486 | D:5      | Killed a water moccasin
  6507 | D:4      | Reached XP level 8. HP: 27/50 MP: 0/0
  6690 | D:5      | Reached * piety under Elyvilon
  6738 | D:5      | Reached skill level 1 in Fighting
  7192 | D:5      | Noticed a two-headed ogre
  7198 | D:5      | Killed a two-headed ogre
  7199 | D:5      | Reached XP level 9. HP: 56/66 MP: 0/0
  7199 | D:5      | Learned a level 3 spell: Confusing Touch
  8256 | D:6      | Identified the +4 ring mail of Impressiveness {Str+4}
  8365 | D:6      | Found Juabb's Armour Emporium.
  8490 | D:6      | Identified the +1 leather armour of Rubawk {Int+4}
  8583 | D:6      | Reached ** piety under Elyvilon
  9992 | D:7      | Reached XP level 10. HP: 78/80 MP: 0/0
 10071 | D:7      | Reached skill level 10 in Fighting
 10156 | D:7      | Reached skill level 1 in Invocations
 10270 | D:7      | Found a sparkling altar of Nemelex Xobeh.
 10645 | D:8      | Noticed a death knight
 10650 | D:8      | Killed a death knight
 10651 | D:8      | Reached skill level 5 in Invocations
 10673 | D:8      | Noticed a two-headed ogre
 10956 | D:8      | Killed a two-headed ogre
 11010 | D:8      | Noticed a white ugly thing
 11017 | D:8      | Killed a white ugly thing
 11771 | D:8      | Reached XP level 11. HP: 80/85 MP: 0/0
 11771 | D:8      | Learned a level 4 spell: Hailstorm
 11870 | D:8      | Reached *** piety under Elyvilon
 12161 | D:9      | Noticed a cyclops
 12165 | D:9      | Killed a cyclops
 12324 | D:9      | Found a staircase to the Orcish Mines.
 12372 | D:9      | Noticed Amaemon
 12379 | D:9      | Killed Amaemon
 12380 | D:9      | Reached skill level 10 in Invocations
 12567 | D:9      | Noticed Psyche
 12571 | D:9      | Killed Psyche
 12612 | D:9      | Noticed a +0 dagger
 12614 | D:9      | Noticed a +0 dagger
 12618 | D:9      | Found a hide-covered altar of Uskayaw.
 12635 | D:9      | Noticed Maurice
 12642 | D:9      | Killed Maurice
 12834 | D:9      | Noticed a two-headed ogre
 12840 | D:9      | Killed a two-headed ogre
 13239 | D:10     | Entered Level 10 of the Dungeon
 13250 | D:10     | Found a runed translucent door.
 13250 | D:10     | Noticed Miritol's ghost (journeyman TeHu)
 13258 | D:10     | Found a flagged portal.
 13268 | Bailey   | Entered a bailey
 13354 | Bailey   | Noticed a two-headed ogre
 13357 | Bailey   | Reached skill level 1 in Evocations
 13384 | Bailey   | Killed a two-headed ogre
 13392 | Bailey   | Elyvilon protects you from harm!
 13720 | D:10     | Found a staircase to the Lair.
 13778 | D:10     | Reached skill level 5 in Evocations
 13781 | D:10     | Reached XP level 12. HP: 61/91 MP: 0/0
 13950 | D:10     | Found a hazy altar of Hepliaklqana.
 13983 | D:10     | Noticed a two-headed ogre
 13988 | D:10     | Killed a two-headed ogre
 14097 | D:10     | Reached **** piety under Elyvilon
 14164 | D:10     | Found a broken altar of Ashenzari.
 14603 | Lair:1   | Entered Level 1 of the Lair of Beasts
 14603 | Lair:1   | Noticed Erica
 14611 | Lair:1   | Killed Erica
 14829 | Lair:1   | Reached skill level 1 in Armour
 15731 | Lair:2   | Reached skill level 5 in Armour
 15836 | Lair:2   | Reached ***** piety under Elyvilon
 15959 | Lair:2   | Noticed an eight-headed hydra
 16200 | Lair:2   | Reached XP level 13. HP: 66/96 MP: 0/0
 16200 | Lair:2   | Learned a level 5 spell: Silence
 16998 | Lair:2   | Killed an eight-headed hydra
 17047 | Lair:2   | Reached skill level 10 in Armour
 17365 | Lair:3   | Found a broken altar of Ashenzari.
 18302 | Lair:3   | Found a staircase to the Snake Pit.
 18461 | Lair:3   | Identified the +1 leather armour "Trusted Companion"
                  | {Regen+}
 18526 | Lair:3   | Noticed a boulder beetle
 18535 | Lair:3   | Killed a boulder beetle
 18536 | Lair:3   | Reached skill level 5 in Dodging
 18733 | Lair:3   | You are sucked into a shaft and drop 2 floors!
 18920 | Lair:5   | Reached XP level 14. HP: 91/103 MP: 0/0
 19197 | Lair:5   | Found a staircase to the Slime Pits.
 19887 | Slime:1  | Entered Level 1 of the Pits of Slime
 19887 | Slime:1  | Noticed an acid blob
 19887 | Slime:1  | Noticed an acid blob
 19887 | Slime:1  | You are sucked into a shaft and drop 1 floor!
 19901 | Slime:2  | Noticed a rockslime
 19905 | Slime:2  | Noticed a rockslime
 19913 | Slime:2  | HP: 1/103 [acid (9)]
 19914 | Slime:2  | Elyvilon protects you from harm!
 19918 | Slime:2  | Mangled by a rockslime

Illustrated notes

Levels and vault maps discovered:
D:1:      beargit_arrival_diablo_church, layout_loops_ring,
          minmay_misc_feat_cross
D:2:      layout_loops_corners, serial_shops, nicolae_diamond_shop
D:3:      layout_loops_ring, ebering_ecumenical_altar_rust, serial_shops,
          nicolae_shop_crystal, kennysheep_generic_room_2, uniq_robin,
          uniq_crazy_yiuf_cottage, uniq_terence
D:4:      layout_basic, amcnicky_altar_gilded, gammafunk_ghost_stat_death
D:5:      cheibrodos_two_vegetables, layout_basic, mainiacjoe_overflow_paths,
          minmay_temple_entry_proselytizer
D:6:      layout_rooms, serial_shops, kennysheep_little_box
D:7:      layout_basic, nemelex_xobeh_ov_fountains_minmay, grunt_ministairs_1,
          water_maze_lemuel
D:8:      layout_basic, hangedman_minor_gate_pass
D:9:      layout_roguey, dancing_weapons_uskayaw, david_orc_3, grunt_ogre_cave,
          uniq_psyche, uniq_maurice, uniq_amaemon
D:10:     layout_irregular_city, old_standard_altar,
          worldfamousw_hep_ancestral_shrine, dpeg_oklobed_lair, enter_bailey_2,
          gammafunk_ghost_grave
Temple:   eino_temple_scatter_basement
Lair:1:   layout_concentric_octagons, minmay_holes, bh_autumn_forest_stairs,
          grunt_megastairs_4, uniq_erica
Lair:2:   layout_roguey, nicolae_lair_lakeside_cave
Lair:3:   layout_roguey, minmay_snake_entry_guardpost_medium, basic_altar,
          chequers_serial_rivers_micro_e, beast_lair_carwin_11
Lair:5:   layout_regular_city, minmay_slime_entry_pillars, evilmike_ambush
          [evilmike_ambush_outer_pillars, evilmike_ambush_inner_basic],
          grunt_megastairs_1, serial_bayou_shore_a, serial_bayou_shore_b
Slime:1:  layout_caves
Slime:2:  layout_caves, nicolae_slime_barrier,
          cheibrodos_slime_lost_civilization_6

Skill      XL: |  1  2  3  4  5  6  7  8  9 10 11 12 13 14 |
---------------+-------------------------------------------+-----
Spellcasting   | 3 4 5 6 7 8 |  8.8
Fighting       | 6 9 10 | 10.0
Invocations    | 8 11 | 11.5
Evocations     | 5 8 |  8.0
Armour         | 7 11 | 11.0
Dodging        | 5 7 |  7.8
Stealth        | |  1.5

Action                   |  1- 3 |  4- 6 |  7- 9 | 10-12 | 13-15 || total
-------------------------+-------+-------+-------+-------+-------++-------
Melee: Unarmed           |     5 |     1 |       |       |       ||     6
       Dagger            |       |       |     1 |    16 |     2 ||    19
       Punch             |       |       |       |     1 |       ||     1
 Cast: Sandblast         |    42 |    26 |       |    85 |    59 ||   212
       Stone Arrow       |       |    41 |   108 |   209 |   225 ||   583
       Hailstorm         |       |       |       |     8 |     1 ||     9
       Confusing Touch   |       |       |       |     1 |       ||     1
Invok: Heal Self         |       |       |       |     2 |     3 ||     5
       Divine Vigour     |       |       |       |       |     1 ||     1
Evoke: Wand              |       |       |     8 |       |     3 ||    11
       Lightning rod     |       |       |       |       |     1 ||     1
  Use: Scroll            |       |       |       |    15 |     3 ||    18
       Potion            |       |       |       |     1 |       ||     1
Armor: Robe              |     5 |     4 |     4 |       |       ||    13
       Leather armour    |       |       |     5 |    49 |     1 ||    55
       Ring mail         |       |       |       |       |    48 ||    48
Dodge: Dodged            |    18 |    21 |    29 |   146 |   134 ||   348
Block: Other             |       |       |     9 |    16 |       ||    25
       Reflection        |       |       |       |     2 |       ||     2

Table legend: (Time is in decaauts)
 A = Elapsed time spent in this place.
 B = Non-inter-level travel time spent in this place.
 C = Inter-level travel time spent in this place.
 D = Time resting spent in this place.
 E = Time spent auto-exploring this place.
 F = Levels seen in this place.
 G = Mean time per level.
                   A        B        C        D        E       F      G
               +--------+--------+--------+--------+--------+-----+--------+
         Total |  19922 |  18847 |   1075 |   2542 |  13923 |  18 | 1106.8 |
       Dungeon |  14233 |  13467 |    766 |   1667 |  10494 |  10 | 1423.3 |
        Temple |    217 |    176 |     41 |      0 |    159 |   1 |  217.0 |
          Lair |   4997 |   4729 |    268 |    875 |   3064 |   4 | 1249.2 |
    Slime Pits |     30 |     30 |      0 |      0 |      0 |   2 |   15.0 |
        Bailey |    442 |    442 |      0 |      0 |    206 |   1 |  442.0 |
               +--------+--------+--------+--------+--------+-----+--------+

Top non-repeatable levels by time:
     D:5: 2096 daAuts
  Lair:2: 1753 daAuts
     D:7: 1740 daAuts
     D:4: 1679 daAuts
     D:8: 1627 daAuts
     D:3: 1472 daAuts
     D:2: 1351 daAuts
     D:1: 1328 daAuts
  Lair:1: 1246 daAuts
  Lair:5: 1153 daAuts
     D:9: 1112 daAuts
    D:10: 955 daAuts
     D:6: 869 daAuts
  Lair:3: 843 daAuts
  Bailey: 442 daAuts
